 Dungeon Crawl Stone Soup version 0.30-a0-50-gb2d611f6b1 (webtiles) character file.

Game seed: 14518629912908323994

58 porpoise the Sneak (level 3, -12/29 HPs)
             Began as a Demonspawn Delver on Sept 4, 2022.
             Mangled by an ogre
             ... wielding a +0 giant spiked club
              (25 damage)
             ... on level 5 of the Dungeon.
             The game lasted 00:01:24 (192 turns).

porpoise the Sneak (Demonspawn Delver)               Turns: 192, Time: 00:01:25

Health: -12/29     AC:  5    Str: 14    XL:     3   Next: 75%
Magic:  3/3        EV: 12    Int: 11    God:
Gold:   0          SH:  0    Dex: 14    Spells: 2/2 levels left

rFire   . . .      SeeInvis .    a - +3 dagger (venom)
rCold   . . .      Faith    .    (no shield)
rNeg    . . .      Spirit   .    b - +0 leather armour
rPois   .          Reflect  .    (no helmet)
rElec   .          Harm     .    (no cloak)
rCorr   .          Rampage  .    (no gloves)
Will    .....                    (no boots)
Stlth   +++.......               (no amulet)
HPRegen 0.09/turn                (no ring)
MPRegen 0.08/turn                (no ring)

@: lethally poisoned (-12 -> -19)
A: molten scales 1, foul stench 1
a: no special abilities


You were on level 5 of the Dungeon.
You visited 1 branch of the dungeon, and saw 1 of its levels.

Inventory:

Hand Weapons
 a - a +3 dagger of venom (weapon)
 k - a +0 spear
Armour
 b - a +0 leather armour (worn)
Wands
 g - a wand of digging (3)
Scrolls
 c - a scroll of fog
 d - a scroll of magic mapping
 e - a scroll of fear
 h - a scroll of blinking {unknown}
 j - a scroll of teleportation {unknown}
Potions
 f - a potion of haste
 i - 2 potions of brilliance {unknown}


   Skills:
 + Level 3.4 Fighting
 + Level 2.3 Polearms
 + Level 2.4 Dodging
 + Level 4.9 Stealth


You had 2 spell levels left.
You didn't know any spells.
Your spell library was empty.

Dungeon Overview and Level Annotations

Branches:
Dungeon (5/15)
 Temple: D:4-7

Altars:


Innate Abilities, Weirdness & Mutations

You are partially covered in molten scales. (AC +2)
You may rarely emit foul miasma when damaged in melee.


Message History

a - a +3 dagger of venom (weapon)
A scorpion comes into view.
An ogre comes into view. It is wielding a +0 giant spiked club.
The ogre shouts!
You open the door.
Found a leather armour and a scroll labelled KUQIPP LIX GOK.
There is an open door here.
You hit the scorpion.
The scorpion is moderately wounded.
The scorpion barely misses you.
You hit the scorpion.
The scorpion is poisoned.
The scorpion is moderately wounded.
The scorpion stings you. The scorpion barely misses you.
You hit the scorpion but do no damage.
The scorpion is heavily wounded.
The scorpion stings you but does no damage.
You hit the scorpion.
The scorpion looks as sick as possible!
The scorpion is severely wounded.
The scorpion stings you.
You are lethally poisoned!
The scorpion poisons you!
You hit the scorpion.
You kill the scorpion!
You feel very sick. The ogre closely misses you.
Your Polearms skill increases to level 2!
Your Dodging skill increases to level 2!
You have reached level 2!
Your demonic ancestry asserts itself...
Molten scales grow over part of your body.
You have reached level 3!
Your experience leads to an increase in your attributes!
Increase (S)trength, (I)ntelligence, or (D)exterity?
You feel stronger. x2; Your demonic ancestry asserts itself...
You begin to emit a foul stench of rot and decay.
You completely miss the ogre.
You feel very sick.
The ogre hits you with a +0 giant spiked club!!
Ouch! That really hurt!
You die...

..#.# ..#.#
....### #.....#
#.....# #.....#
#.....####
#@.......#
#.O......#
######........#
#.............###
#...............#
#..?..........#O#
#...[.........#.#
#.............#.#
#.......#######.#


You could see an ogre.

Vanquished Creatures
  A scorpion (D:5)
1 creature vanquished.

Notes
Turn   | Place    | Note
-------+----------+-------------------------------------------
     0 | D:5      | porpoise the Demonspawn Delver began the quest for the Orb.
     0 | D:5      | Reached XP level 1. HP: 18/18 MP: 1/1
   139 | D:5      | Noticed a scorpion
   154 | D:5      | Noticed an ogre
   191 | D:5      | Killed a scorpion
   192 | D:5      | Gained mutation: You are partially covered in molten
                  | scales. (AC +2) [demonic ancestry]
   192 | D:5      | Reached XP level 2. HP: 13/24 MP: 2/2
   192 | D:5      | Gained mutation: You may rarely emit foul miasma when
                  | damaged in melee. [demonic ancestry]
   192 | D:5      | Reached XP level 3. HP: 16/29 MP: 3/3
   192 | D:5      | Mangled by an ogre

Illustrated notes

Levels and vault maps discovered:
D:5:      layout_basic

Skill      XL: |  1 |
---------------+----+-----
Polearms       | 2 |  2.3
Dodging        | 2 |  2.4
Fighting       | |  3.4
Stealth        | |  4.9

Action                   || total
-------------------------++-------
Melee: Dagger            ||     6
Armor: Leather armour    ||     1
Dodge: Dodged            ||     3

Table legend: (Time is in decaauts)
 A = Elapsed time spent in this place.
 B = Non-inter-level travel time spent in this place.
 C = Inter-level travel time spent in this place.
 D = Time resting spent in this place.
 E = Time spent auto-exploring this place.
 F = Levels seen in this place.
 G = Mean time per level.
                   A        B        C        D        E       F      G
               +--------+--------+--------+--------+--------+-----+--------+
         Total |    191 |    191 |      0 |      0 |     22 |   1 |  191.0 |
       Dungeon |    191 |    191 |      0 |      0 |     22 |   1 |  191.0 |
               +--------+--------+--------+--------+--------+-----+--------+

Top non-repeatable levels by time:
     D:5: 191 daAuts
